Pittsburgh Penguins vs Arizona Coyotes
Created - Sunday, May 28, 2023 at 09:24
Goals
|
| Pittsburgh Penguins |
1 |
1 |
0 |
2 |
| Arizona Coyotes |
1 |
2 |
1 |
4 |
|
Shots
|
| Pittsburgh Penguins |
11 |
14 |
14 |
39 |
| Arizona Coyotes |
9 |
10 |
17 |
36 |
|
1st period
1. Arizona Coyotes , Mathew Dumba 4 (Tyler Seguin 20, David Krejci 33) at 8:17 (PP)
2. Pittsburgh Penguins , Jeff Carter 17 (Anders Lee 25, Erik Karlsson 29) at 11:56
Penalties :
Radko Gudas (AZC) for Interference (Minor) at 2:46, Erik Gudbranson (PIT) for Slashing (Minor) at 7:39, Chris Tanev (PIT) for Roughing (Minor) at 14:25
2nd period
3. Arizona Coyotes , Ilya Mikheyev 4 (Brayden McNabb 25, Dmitry Orlov 16) at 4:59
4. Pittsburgh Penguins , Pavel Buchnevich 22 (Anton Stralman 16, Reilly Smith 18) at 5:49
5. Arizona Coyotes , James van Riemsdyk 14 (Erik Haula 13) at 10:06
Penalties :
Tyler Seguin (AZC) for Hooking (Minor) at 6:07, Leon Draisaitl (PIT) for Hooking (Minor) at 10:29, Radko Gudas (AZC) for Hooking (Minor) at 13:42
3rd period
6. Arizona Coyotes , Mats Zuccarello 38 (Charlie Coyle 25, Claude Giroux 49) at 5:15 (PP)
Penalties :
Jeff Carter (PIT) for Holding (Minor) at 4:42, T.J. Brodie (PIT) for Holding Stick (Minor) at 10:24, James van Riemsdyk (AZC) for Goalie Interference (Minor) at 18:13
Goalie Stats
Mike Smith (PIT), 32 saves from 36 shots - (0.889), L, 9-8-0, 60:00 minutes
Kaapo Kahkonen (AZC), 37 saves from 39 shots - (0.949), W, 22-12-5, 60:00 minutes
Players Stats for Pittsburgh Penguins
Player Name G A P +/- PIM S H SB GA TA FO MP PP MP PK MP
------------------------------------------------------------------------------------
Anders Lee 0 1 1 1 0 1 3 0 2 0 1/1 15:53 3:09 0:05
Anton Stralman 0 1 1 1 0 1 1 0 0 1 0/0 22:58 4:15 3:14
Blake Coleman 0 0 0 0 0 1 0 0 0 1 0/0 10:52 0:00 0:00
Chris Tanev 0 0 0 -2 2 1 1 2 0 2 0/0 13:23 0:00 0:00
Colton Sissons 0 0 0 0 0 2 1 0 0 0 3/6 9:15 0:10 0:00
Erik Gudbranson 0 0 0 0 2 0 0 1 0 0 0/0 9:46 0:00 0:00
Erik Karlsson 0 1 1 1 0 4 0 0 0 1 0/0 23:16 3:28 3:54
Jean-Gabriel Pageau 0 0 0 0 0 0 2 0 0 2 5/9 12:00 0:39 0:26
Jeff Carter 1 0 1 1 2 4 1 1 0 0 0/0 15:18 3:09 0:00
Jordan Eberle 0 0 0 0 0 2 2 0 0 0 1/1 10:40 0:39 0:49
Leon Draisaitl 0 0 0 -1 2 1 0 2 1 0 7/22 18:47 3:55 2:30
Mattias Ekholm 0 0 0 1 0 3 0 0 0 0 0/0 23:16 3:28 3:54
Mitch Marner 0 0 0 -1 0 4 0 0 1 0 0/1 19:47 3:55 3:28
Pavel Buchnevich 1 0 1 -1 0 4 2 0 0 0 3/7 20:14 3:55 3:35
Reilly Smith 0 1 1 0 0 5 0 1 0 0 0/0 11:21 0:29 0:00
Ryan Johansen 0 0 0 1 0 3 1 0 0 0 5/17 18:57 3:09 3:23
Ryan Suter 0 0 0 1 0 2 0 2 0 0 0/0 22:58 4:15 3:14
T.J. Brodie 0 0 0 -2 2 1 0 2 0 0 0/0 14:06 0:00 0:00
Players Stats for Arizona Coyotes
Player Name G A P +/- PIM S H SB GA TA FO MP PP MP PK MP
------------------------------------------------------------------------------------
Brandon Tanev 0 0 0 -1 0 4 0 0 0 0 0/0 9:41 0:00 0:00
Brayden McNabb 0 1 1 0 0 0 0 2 0 2 0/0 18:22 3:38 1:24
Charlie Coyle 0 1 1 0 0 4 2 0 0 0 1/3 19:28 3:35 3:56
Claude Giroux 0 1 1 -1 0 2 0 1 0 0 1/8 20:13 3:11 3:44
David Krejci 0 1 1 -1 0 1 0 0 0 0 11/16 20:35 3:04 3:56
Dmitry Orlov 0 1 1 0 0 1 1 1 0 1 0/0 17:14 3:38 0:17
Erik Haula 0 1 1 2 0 2 3 0 0 0 8/11 10:35 0:24 0:00
Ilya Mikheyev 1 0 1 2 0 2 0 0 0 0 0/1 10:21 0:04 0:03
James van Riemsdyk 1 0 1 2 2 2 0 0 0 0 1/2 10:55 0:49 0:00
Jani Hakanpaa 0 0 0 0 0 1 0 0 1 0 0/0 17:20 0:00 3:45
Jared Spurgeon 0 0 0 0 0 1 3 3 0 0 0/0 25:42 3:30 3:58
Mathew Dumba 1 0 1 0 0 2 4 0 0 0 0/0 26:06 3:30 4:27
Mats Zuccarello 1 0 1 -1 0 5 1 0 2 1 0/0 20:13 3:11 3:44
Ondrej Palat 0 0 0 0 0 1 0 0 3 0 0/0 15:10 3:33 0:00
Radko Gudas 0 0 0 0 4 2 2 0 0 0 0/0 15:22 0:00 1:35
Rocco Grimaldi 0 0 0 -1 0 2 0 0 0 0 1/1 9:41 0:00 0:00
Ross Colton 0 0 0 -1 0 1 0 0 1 0 3/5 9:41 0:00 0:00
Tyler Seguin 0 1 1 0 2 3 3 0 0 0 13/17 15:34 3:33 0:03
3 Stars
1 - Kaapo Kahkonen (AZC)
2 - Mathew Dumba (AZC)
3 - Ilya Mikheyev (AZC)
Power Play
Pittsburgh Penguins - 0 on 4 Attempt(s) - 0.00%
Arizona Coyotes - 2 on 5 Attempt(s) - 40.00%
Penalty Kill
Pittsburgh Penguins - 3 on 5 Attempt(s) - 60.00%
- Score 0 goal in Penalty Kill
Arizona Coyotes - 4 on 4 Attempt(s) - 100.00%
- Score 0 goal in Penalty Kill
Team Stat
Pittsburgh Penguins - Hits : 14 - Faceoff Wins : 25 - Blocked Shots : 11 - Penalty Minutes : 10
Arizona Coyotes - Hits : 19 - Faceoff Wins : 39 - Blocked Shots : 7 - Penalty Minutes : 8
Official
Referees : Rob Martell and Tim Peel
Linesman : Bryan Pancich and Derek Nansen
Game Notes
5:49 of 2nd period - Pittsburgh Penguins goal is going for a video replay. After video review, Goal.
Finance
Level 1 -- Attendance: 5650 (94.17%) -- Ticket Income $536,750
Level 2 -- Attendance: 4998 (99.96%) -- Ticket Income $284,886
Level 3 -- Attendance: 2646 (88.20%) -- Ticket Income $82,026
Level 4 -- Attendance: 4969 (99.38%) -- Ticket Income $104,349
Luxury Box -- Attendance: 871 (87.10%) -- Ticket Income $168,974
Game was played at the Gila River Arena.
Total Attendance: 19134 (95.67%)
Total Ticket Income: $1,176,985
Other Income: $411,945
Total Income: $1,588,930
Pittsburgh Penguins
5 vs 5 Forward
Center Left Wing Right Wing Time % Phy DF OF
1 Leon Draisaitl Mitch Marner Pavel Buchnevich 30 1 2 2
2 Ryan Johansen Anders Lee Jeff Carter 30 1 2 2
3 Jean-Gabriel Pageau Blake Coleman Reilly Smith 25 1 2 2
4 Colton Sissons Erik Gudbranson Jordan Eberle 15 1 2 2
5 vs 5 Defense
Defense Defense Time % Phy DF OF
1 Mattias Ekholm Erik Karlsson 35 1 2 2
2 Ryan Suter Anton Stralman 35 1 2 2
3 Chris Tanev T.J. Brodie 30 1 2 2
4 Mattias Ekholm Erik Karlsson 0 1 2 2
PowerPlay Forward
Center Left Wing Right Wing Time % Phy DF OF
1 Leon Draisaitl Mitch Marner Pavel Buchnevich 50 1 2 2
2 Ryan Johansen Anders Lee Jeff Carter 50 1 2 2
PowerPlay Defense
Defense Defense Time % Phy DF OF
1 Mattias Ekholm Erik Karlsson 50 1 2 2
2 Ryan Suter Anton Stralman 50 1 2 2
Penalty Kill 4 Players Forward
Center Wing Time % Phy DF OF
1 Leon Draisaitl Mitch Marner 50 1 2 2
2 Pavel Buchnevich Ryan Johansen 50 1 2 2
Penalty Kill 4 Players Defense
Defense Defense Time % Phy DF OF
1 Mattias Ekholm Erik Karlsson 50 1 2 2
2 Ryan Suter Anton Stralman 50 1 2 2
Penalty Kill - 3 Players Forward
Forward Time % Phy DF OF
1 Leon Draisaitl 50 1 2 2
2 Mitch Marner 50 1 2 2
Penalty Kill - 3 Players Defense
Defense Defense Time % Phy DF OF
1 Mattias Ekholm Erik Karlsson 50 1 2 2
2 Ryan Suter Anton Stralman 50 1 2 2
4 vs 4 Forward
Center Wing Time % Phy DF OF
1 Leon Draisaitl Mitch Marner 50 1 2 2
2 Pavel Buchnevich Ryan Johansen 50 1 2 2
4 vs 4 Defense
Defense Defense Time % Phy DF OF
1 Mattias Ekholm Erik Karlsson 50 1 2 2
2 Ryan Suter Anton Stralman 50 1 2 2
Last Minutes Offensive
Center Left Wing Right Wing Defense Defense
Leon Draisaitl Mitch Marner Pavel Buchnevich Mattias Ekholm Erik Karlsson
Last Minutes Defensive
Center Left Wing Right Wing Defense Defense
Leon Draisaitl Mitch Marner Pavel Buchnevich Mattias Ekholm Erik Karlsson
Goaltenders
Starting : Mike Smith
Backup : Jonathan Quick
Extra Forwards
Normal : Jean-Gabriel Pageau, Reilly Smith, Jordan Eberle - PP : Jean-Gabriel Pageau, Reilly Smith - PK : Jordan Eberle
Extra Defensemen
Normal : Chris Tanev, T.J. Brodie, Erik Gudbranson - PP : Chris Tanev - PK : T.J. Brodie, Erik Gudbranson
Penalty Shots
Leon Draisaitl, Mitch Marner, Pavel Buchnevich, Ryan Johansen, Jeff Carter
Arizona Coyotes
5 vs 5 Forward
Center Left Wing Right Wing Time % Phy DF OF
1 David Krejci Mats Zuccarello Claude Giroux 30 1 2 2
2 Tyler Seguin Ondrej Palat Charlie Coyle 30 1 2 2
3 Erik Haula James van Riemsdyk Ilya Mikheyev 25 1 2 2
4 Ross Colton Brandon Tanev Rocco Grimaldi 15 1 2 2
5 vs 5 Defense
Defense Defense Time % Phy DF OF
1 Mathew Dumba Jared Spurgeon 30 1 2 2
2 Brayden McNabb Dmitry Orlov 30 1 2 2
3 Radko Gudas Jani Hakanpaa 25 1 2 2
4 Mathew Dumba Jared Spurgeon 15 1 2 2
PowerPlay Forward
Center Left Wing Right Wing Time % Phy DF OF
1 Claude Giroux Mats Zuccarello Charlie Coyle 50 1 1 3
2 David Krejci Ondrej Palat Tyler Seguin 50 1 1 3
PowerPlay Defense
Defense Defense Time % Phy DF OF
1 Mathew Dumba Jared Spurgeon 50 1 2 2
2 Brayden McNabb Dmitry Orlov 50 1 2 2
Penalty Kill 4 Players Forward
Center Wing Time % Phy DF OF
1 Claude Giroux Mats Zuccarello 50 1 2 2
2 Charlie Coyle David Krejci 50 1 2 2
Penalty Kill 4 Players Defense
Defense Defense Time % Phy DF OF
1 Mathew Dumba Jared Spurgeon 50 1 2 2
2 Jani Hakanpaa Radko Gudas 50 1 2 2
Penalty Kill - 3 Players Forward
Forward Time % Phy DF OF
1 Claude Giroux 50 1 2 2
2 Mats Zuccarello 50 1 2 2
Penalty Kill - 3 Players Defense
Defense Defense Time % Phy DF OF
1 Radko Gudas Jani Hakanpaa 50 1 2 2
2 Brayden McNabb Dmitry Orlov 50 1 2 2
4 vs 4 Forward
Center Wing Time % Phy DF OF
1 Claude Giroux Mats Zuccarello 50 1 2 2
2 Charlie Coyle David Krejci 50 1 2 2
4 vs 4 Defense
Defense Defense Time % Phy DF OF
1 Mathew Dumba Jared Spurgeon 50 1 2 2
2 Brayden McNabb Dmitry Orlov 50 1 2 2
Last Minutes Offensive
Center Left Wing Right Wing Defense Defense
Claude Giroux Mats Zuccarello Charlie Coyle Mathew Dumba Jared Spurgeon
Last Minutes Defensive
Center Left Wing Right Wing Defense Defense
Claude Giroux Mats Zuccarello Charlie Coyle Mathew Dumba Jared Spurgeon
Goaltenders
Starting : Kaapo Kahkonen
Backup : Elvis Merzlikins
Extra Forwards
Normal : James van Riemsdyk, Erik Haula, Mats Zuccarello - PP : James van Riemsdyk, Erik Haula - PK : Claude Giroux
Extra Defensemen
Normal : Radko Gudas, Jani Hakanpaa, Brayden McNabb - PP : Radko Gudas - PK : Jani Hakanpaa, Brayden McNabb
Penalty Shots
Claude Giroux, Mats Zuccarello, Charlie Coyle, David Krejci, Tyler Seguin
% Time on Ice - Pittsburgh Penguins
Lines # - Real PCT - Wanted PCT - Time Play
Normal Forward
1 - 28% - 30% - 12:27
2 - 28% - 30% - 12:49
3 - 24% - 25% - 10:52
4 - 20% - 15% - 9:01
Normal Defense
1 - 35% - 35% - 15:39
2 - 36% - 35% - 16:15
3 - 29% - 30% - 13:00
4 - 1% - 0% - 0:15
PP Forward
1 - 57% - 50% - 4:22
2 - 43% - 50% - 3:21
PP Defense
1 - 45% - 50% - 3:28
2 - 55% - 50% - 4:15
PK Forward
1 - 51% - 50% - 3:40
2 - 49% - 50% - 3:28
PK Defense
1 - 55% - 50% - 3:54
2 - 45% - 50% - 3:14
PK3 Forward
1 - 0% - 50%
2 - 0% - 50%
PK3 Defense
1 - 0% - 50%
2 - 0% - 50%
44 Forward
1 - 0% - 50%
2 - 0% - 50%
44 Defense
1 - 0% - 50%
2 - 0% - 50%
Last Minute Offensive - 0:00
Last Minute Defensive - 0:00
Total
Forward - 60:00
Defense - 60:00
|
% Time on Ice - Arizona Coyotes
Lines # - Real PCT - Wanted PCT - Time Play
Normal Forward
1 - 30% - 30% - 13:25
2 - 26% - 30% - 11:56
3 - 22% - 25% - 10:07
4 - 21% - 15% - 9:41
Normal Defense
1 - 29% - 30% - 13:15
2 - 31% - 30% - 13:55
3 - 30% - 25% - 13:22
4 - 10% - 15% - 4:37
PP Forward
1 - 50% - 50% - 3:35
2 - 50% - 50% - 3:33
PP Defense
1 - 49% - 50% - 3:30
2 - 51% - 50% - 3:38
PK Forward
1 - 49% - 50% - 3:47
2 - 51% - 50% - 3:56
PK Defense
1 - 47% - 50% - 3:38
2 - 53% - 50% - 4:05
PK3 Forward
1 - 0% - 50%
2 - 0% - 50%
PK3 Defense
1 - 0% - 50%
2 - 0% - 50%
44 Forward
1 - 0% - 50%
2 - 0% - 50%
44 Defense
1 - 0% - 50%
2 - 0% - 50%
Last Minute Offensive - 0:00
Last Minute Defensive - 0:00
Total
Forward - 60:00
Defense - 60:00
|
Play-by-Play
1st period
0:01 of 1st period - Leon Draisaitl wins face-off versus David Krejci in neutral zone.
0:10 of 1st period - Snap shot by Leon Draisaitl.
0:10 of 1st period - Shot Misses the Net.
0:12 of 1st period - Slapshot by Mitch Marner.
0:12 of 1st period - Stopped by Kaapo Kahkonen with a rebound.
0:14 of 1st period - Slapshot by Erik Karlsson.
0:14 of 1st period - Shot Misses the Net.
0:16 of 1st period - Slapshot by Mattias Ekholm.
0:16 of 1st period - Stopped by Kaapo Kahkonen with a rebound.
0:49 of 1st period - Wrist shot by Brandon Tanev.
0:49 of 1st period - Shot Misses the Net.
1:27 of 1st period - Snap shot by Brandon Tanev.
1:27 of 1st period - Shot Blocked by Jeff Carter.
1:35 of 1st period - Snap shot by Anders Lee.
1:35 of 1st period - Shot Misses the Net.
2:01 of 1st period - Slapshot by Ryan Johansen.
2:01 of 1st period - Stopped by Kaapo Kahkonen with a rebound.
2:03 of 1st period - Slapshot by Mattias Ekholm.
2:03 of 1st period - Shot Misses the Net.
2:13 of 1st period - Slapshot by Jeff Carter.
2:13 of 1st period - Stopped by Kaapo Kahkonen with a rebound.
2:33 of 1st period - Wrist shot by Anders Lee.
2:33 of 1st period - Shot Misses the Net.
2:37 of 1st period - Snap shot by Ryan Johansen.
2:37 of 1st period - Shot Misses the Net.
2:39 of 1st period - Snap shot by Ryan Johansen.
2:39 of 1st period - Stopped by Kaapo Kahkonen with a rebound.
2:41 of 1st period - Snap shot by Mattias Ekholm.
2:41 of 1st period - Shot Misses the Net.
2:43 of 1st period - Slapshot by Mattias Ekholm.
2:43 of 1st period - Stopped by Kaapo Kahkonen without a rebound.
2:44 of 1st period - Erik Haula wins face-off versus Jean-Gabriel Pageau in Arizona Coyotes zone.
2:46 of 1st period - Minor Penalty to Radko Gudas for Interference.
2:47 of 1st period - Pavel Buchnevich wins face-off versus Claude Giroux in Arizona Coyotes zone.
2:51 of 1st period - Snap shot by Mitch Marner.
2:51 of 1st period - Stopped by Kaapo Kahkonen without a rebound.
2:52 of 1st period - Leon Draisaitl wins face-off versus Claude Giroux in Arizona Coyotes zone.
3:02 of 1st period - Off-side.
3:03 of 1st period - Charlie Coyle wins face-off versus Mitch Marner in neutral zone.
3:06 of 1st period - Mitch Marner is hit by Charlie Coyle and loses puck.
4:01 of 1st period - Jared Spurgeon is hit by Pavel Buchnevich.
4:46 of 1st period - Penalty to Radko Gudas is over, Radko Gudas is back on ice.
5:14 of 1st period - Erik Gudbranson is hit by Tyler Seguin and loses puck.
6:33 of 1st period - Leon Draisaitl is hit by Jared Spurgeon and loses puck.
6:40 of 1st period - Snap shot by Ilya Mikheyev.
6:40 of 1st period - Shot Blocked by Leon Draisaitl.
6:42 of 1st period - Slapshot by Brayden McNabb.
6:42 of 1st period - Shot Blocked by Erik Gudbranson.
7:02 of 1st period - Ryan Suter is hit by Radko Gudas.
7:39 of 1st period - Minor Penalty to Erik Gudbranson for Slashing.
7:40 of 1st period - Pavel Buchnevich wins face-off versus Claude Giroux in Pittsburgh Penguins zone.
8:15 of 1st period - Wrist shot by Tyler Seguin.
8:15 of 1st period - Stopped by Mike Smith with a rebound.
8:17 of 1st period - Wrist shot by Mathew Dumba.
8:17 of 1st period - Goal by Mathew Dumba - Pittsburgh Penguins : 0 - Arizona Coyotes : 1.
8:18 of 1st period - Leon Draisaitl wins face-off versus Tyler Seguin in neutral zone.
8:43 of 1st period - Wrist shot by David Krejci.
8:43 of 1st period - Shot Blocked by Chris Tanev.
8:45 of 1st period - Snap shot by David Krejci.
8:45 of 1st period - Stopped by Mike Smith without a rebound.
8:46 of 1st period - David Krejci wins face-off versus Jean-Gabriel Pageau in Pittsburgh Penguins zone.
9:22 of 1st period - Slapshot by Mats Zuccarello.
9:22 of 1st period - Shot Misses the Net.
9:24 of 1st period - Slapshot by Radko Gudas.
9:24 of 1st period - Stopped by Mike Smith with a rebound.
9:26 of 1st period - Wrist shot by Mats Zuccarello.
9:26 of 1st period - Shot Misses the Net.
10:27 of 1st period - Snap shot by David Krejci.
10:27 of 1st period - Shot Misses the Net.
10:29 of 1st period - Slapshot by Mats Zuccarello.
10:29 of 1st period - Shot Misses the Net.
10:31 of 1st period - Wrist shot by David Krejci.
10:31 of 1st period - Shot Misses the Net.
10:33 of 1st period - Wrist shot by Mats Zuccarello.
10:33 of 1st period - Shot Misses the Net.
10:35 of 1st period - Slapshot by Radko Gudas.
10:35 of 1st period - Shot Misses the Net.
10:37 of 1st period - Slapshot by Radko Gudas.
10:37 of 1st period - Shot Misses the Net.
10:39 of 1st period - Slapshot by Jani Hakanpaa.
10:39 of 1st period - Deflect By Mats Zuccarello.
10:39 of 1st period - Stopped by Mike Smith with a rebound.
10:41 of 1st period - Snap shot by Radko Gudas.
10:41 of 1st period - Shot Blocked by Reilly Smith.
10:43 of 1st period - Wrist shot by David Krejci.
10:43 of 1st period - Shot Blocked by Ryan Suter.
10:45 of 1st period - Snap shot by Claude Giroux.
10:45 of 1st period - Shot Misses the Net.
10:47 of 1st period - Snap shot by Jani Hakanpaa.
10:47 of 1st period - Shot Misses the Net.
10:49 of 1st period - Wrist shot by Mats Zuccarello.
10:49 of 1st period - Stopped by Mike Smith without a rebound.
10:50 of 1st period - Tyler Seguin wins face-off versus Leon Draisaitl in Pittsburgh Penguins zone.
11:40 of 1st period - Off-side.
11:41 of 1st period - Ross Colton wins face-off versus Ryan Johansen in neutral zone.
11:54 of 1st period - Wrist shot by Anders Lee.
11:54 of 1st period - Shot Misses the Net.
11:56 of 1st period - Slapshot by Jeff Carter.
11:56 of 1st period - Goal by Jeff Carter - Pittsburgh Penguins : 1 - Arizona Coyotes : 1.
11:57 of 1st period - Tyler Seguin wins face-off versus Leon Draisaitl in neutral zone.
12:00 of 1st period - Wrist shot by Charlie Coyle.
12:00 of 1st period - Stopped by Mike Smith with a rebound.
12:24 of 1st period - T.J. Brodie is hit by Mathew Dumba.
12:32 of 1st period - Snap shot by Colton Sissons.
12:32 of 1st period - Stopped by Kaapo Kahkonen without a rebound.
12:33 of 1st period - Tyler Seguin wins face-off versus Colton Sissons in Arizona Coyotes zone.
12:49 of 1st period - Brayden McNabb is hit by Jordan Eberle.
13:06 of 1st period - Snap shot by Ryan Johansen.
13:06 of 1st period - Shot Misses the Net.
13:08 of 1st period - Slapshot by Ryan Johansen.
13:08 of 1st period - Stopped by Kaapo Kahkonen without a rebound.
13:09 of 1st period - Erik Haula wins face-off versus Ryan Johansen in Arizona Coyotes zone.
14:25 of 1st period - Minor Penalty to Chris Tanev for Roughing.
14:26 of 1st period - David Krejci wins face-off versus Leon Draisaitl in Pittsburgh Penguins zone.
14:42 of 1st period - Snap shot by David Krejci.
14:42 of 1st period - Shot Blocked by Leon Draisaitl.
15:05 of 1st period - Snap shot by Ryan Johansen.
15:05 of 1st period - Shot Misses the Net.
15:41 of 1st period - Mattias Ekholm is hit by Tyler Seguin and loses puck.
16:25 of 1st period - Penalty to Chris Tanev is over, Chris Tanev is back on ice.
16:36 of 1st period - Slapshot by Brandon Tanev.
16:36 of 1st period - Stopped by Mike Smith with a rebound.
16:38 of 1st period - Snap shot by Rocco Grimaldi.
16:38 of 1st period - Shot Misses the Net.
16:40 of 1st period - Snap shot by Radko Gudas.
16:40 of 1st period - Stopped by Mike Smith with a rebound.
16:42 of 1st period - Slapshot by Jani Hakanpaa.
16:42 of 1st period - Shot Blocked by Ryan Suter.
16:54 of 1st period - Ryan Suter is hit by Radko Gudas and loses puck.
18:05 of 1st period - Brandon Tanev is hit by Chris Tanev and loses puck.
19:09 of 1st period - Ross Colton is hit by Jordan Eberle and loses puck.
19:14 of 1st period - Slapshot by Erik Karlsson.
19:14 of 1st period - Stopped by Kaapo Kahkonen with a rebound.
19:42 of 1st period - Reilly Smith is hit by Tyler Seguin and loses puck.
Goals for this period are 1 for Pittsburgh Penguins vs 1 for Arizona Coyotes.
Shots for this period are 11 for Pittsburgh Penguins vs 9 for Arizona Coyotes.
2nd period
0:01 of 2nd period - Tyler Seguin wins face-off versus Leon Draisaitl in neutral zone.
0:06 of 2nd period - T.J. Brodie is hit by Mathew Dumba.
0:54 of 2nd period - Snap shot by Reilly Smith.
0:54 of 2nd period - Shot Misses the Net.
0:56 of 2nd period - Snap shot by Reilly Smith.
0:56 of 2nd period - Deflect By James van Riemsdyk.
0:56 of 2nd period - Stopped by Kaapo Kahkonen with a rebound.
0:58 of 2nd period - Slapshot by Chris Tanev.
0:58 of 2nd period - Deflect By Reilly Smith.
0:58 of 2nd period - Stopped by Kaapo Kahkonen with a rebound.
1:00 of 2nd period - Slapshot by Chris Tanev.
1:00 of 2nd period - Stopped by Kaapo Kahkonen without a rebound.
1:01 of 2nd period - Leon Draisaitl wins face-off versus Tyler Seguin in Arizona Coyotes zone.
1:48 of 2nd period - Ryan Suter is hit by Dmitry Orlov and loses puck.
1:55 of 2nd period - Snap shot by James van Riemsdyk.
1:55 of 2nd period - Shot Misses the Net.
1:57 of 2nd period - Wrist shot by James van Riemsdyk.
1:57 of 2nd period - Stopped by Mike Smith with a rebound.
1:59 of 2nd period - Snap shot by Erik Haula.
1:59 of 2nd period - Stopped by Mike Smith with a rebound.
2:01 of 2nd period - Slapshot by Brayden McNabb.
2:01 of 2nd period - Deflect By Erik Haula.
2:01 of 2nd period - Shot Misses the Net.
2:01 of 2nd period - Puck is out of play.
2:02 of 2nd period - Tyler Seguin wins face-off versus Leon Draisaitl in Pittsburgh Penguins zone.
2:27 of 2nd period - Chris Tanev is hit by Erik Haula and loses puck.
2:38 of 2nd period - Wrist shot by Pavel Buchnevich.
2:38 of 2nd period - Stopped by Kaapo Kahkonen with a rebound.
2:40 of 2nd period - Slapshot by T.J. Brodie.
2:40 of 2nd period - Deflect By James van Riemsdyk.
2:40 of 2nd period - Stopped by Kaapo Kahkonen without a rebound.
2:41 of 2nd period - Ryan Johansen wins face-off versus Tyler Seguin in Arizona Coyotes zone.
2:42 of 2nd period - Wrist shot by Jeff Carter.
2:42 of 2nd period - Stopped by Kaapo Kahkonen with a rebound.
2:44 of 2nd period - Snap shot by Anders Lee.
2:44 of 2nd period - Stopped by Kaapo Kahkonen with a rebound.
3:29 of 2nd period - Radko Gudas is hit by Jean-Gabriel Pageau and loses puck.
3:38 of 2nd period - Anton Stralman is hit by Erik Haula and loses puck.
4:35 of 2nd period - T.J. Brodie is hit by Jared Spurgeon and loses puck.
4:46 of 2nd period - Claude Giroux is hit by Anders Lee and loses puck.
4:57 of 2nd period - Slapshot by Dmitry Orlov.
4:57 of 2nd period - Shot Blocked by T.J. Brodie.
4:59 of 2nd period - Slapshot by Brayden McNabb.
4:59 of 2nd period - Deflect By Ilya Mikheyev.
4:59 of 2nd period - Goal by Ilya Mikheyev - Pittsburgh Penguins : 1 - Arizona Coyotes : 2.
5:00 of 2nd period - Tyler Seguin wins face-off versus Leon Draisaitl in neutral zone.
5:32 of 2nd period - Snap shot by David Krejci.
5:32 of 2nd period - Shot Misses the Net.
5:43 of 2nd period - Icing by Mathew Dumba.
5:44 of 2nd period - Jean-Gabriel Pageau wins face-off versus David Krejci in Arizona Coyotes zone.
5:45 of 2nd period - Backhand shot by Reilly Smith.
5:45 of 2nd period - Shot Misses the Net.
5:47 of 2nd period - Snap shot by Anton Stralman.
5:47 of 2nd period - Stopped by Kaapo Kahkonen with a rebound.
5:49 of 2nd period - Slapshot by Pavel Buchnevich.
5:49 of 2nd period - Pittsburgh Penguins goal is going for a video replay.
5:49 of 2nd period - The goal is good.
5:49 of 2nd period - Goal by Pavel Buchnevich - Pittsburgh Penguins : 2 - Arizona Coyotes : 2.
5:50 of 2nd period - Tyler Seguin wins face-off versus Leon Draisaitl in neutral zone.
6:07 of 2nd period - Minor Penalty to Tyler Seguin for Hooking.
6:08 of 2nd period - Claude Giroux wins face-off versus Ryan Johansen in Arizona Coyotes zone.
6:08 of 2nd period - Claude Giroux is hit by Jeff Carter.
7:23 of 2nd period - Icing by Anton Stralman.
7:24 of 2nd period - Ryan Johansen wins face-off versus Charlie Coyle in Pittsburgh Penguins zone.
8:07 of 2nd period - Penalty to Tyler Seguin is over, Tyler Seguin is back on ice.
8:25 of 2nd period - Slapshot by Jordan Eberle.
8:25 of 2nd period - Stopped by Kaapo Kahkonen without a rebound.
8:26 of 2nd period - Jean-Gabriel Pageau wins face-off versus Erik Haula in Arizona Coyotes zone.
9:03 of 2nd period - Icing by Jared Spurgeon.
9:04 of 2nd period - Ross Colton wins face-off versus Ryan Johansen in Arizona Coyotes zone.
9:04 of 2nd period - Ross Colton is hit by Ryan Johansen.
10:04 of 2nd period - Snap shot by Claude Giroux.
10:04 of 2nd period - Stopped by Mike Smith without a rebound.
10:05 of 2nd period - Erik Haula wins face-off versus Leon Draisaitl in Pittsburgh Penguins zone.
10:06 of 2nd period - Snap shot by James van Riemsdyk.
10:06 of 2nd period - Goal by James van Riemsdyk - Pittsburgh Penguins : 2 - Arizona Coyotes : 3.
10:07 of 2nd period - Tyler Seguin wins face-off versus Leon Draisaitl in neutral zone.
10:16 of 2nd period - Slapshot by Charlie Coyle.
10:16 of 2nd period - Stopped by Mike Smith without a rebound.
10:17 of 2nd period - Tyler Seguin wins face-off versus Pavel Buchnevich in Pittsburgh Penguins zone.
10:26 of 2nd period - Slapshot by Ondrej Palat.
10:26 of 2nd period - Stopped by Mike Smith without a rebound.
10:27 of 2nd period - Leon Draisaitl wins face-off versus David Krejci in Pittsburgh Penguins zone.
10:29 of 2nd period - Minor Penalty to Leon Draisaitl for Hooking.
10:30 of 2nd period - Jordan Eberle wins face-off versus Claude Giroux in Pittsburgh Penguins zone.
10:38 of 2nd period - Wrist shot by Pavel Buchnevich.
10:38 of 2nd period - Stopped by Kaapo Kahkonen without a rebound.
10:39 of 2nd period - Pavel Buchnevich wins face-off versus Claude Giroux in Arizona Coyotes zone.
11:16 of 2nd period - Wrist shot by Ryan Johansen.
11:16 of 2nd period - Shot Misses the Net.
12:29 of 2nd period - Penalty to Leon Draisaitl is over, Leon Draisaitl is back on ice.
12:41 of 2nd period - Snap shot by Ryan Johansen.
12:41 of 2nd period - Shot Blocked by Jared Spurgeon.
12:43 of 2nd period - Wrist shot by Jeff Carter.
12:43 of 2nd period - Shot Blocked by Jared Spurgeon.
13:21 of 2nd period - Snap shot by Blake Coleman.
13:21 of 2nd period - Stopped by Kaapo Kahkonen with a rebound.
13:42 of 2nd period - Minor Penalty to Radko Gudas for Hooking.
13:43 of 2nd period - Anders Lee wins face-off versus Claude Giroux in Arizona Coyotes zone.
14:33 of 2nd period - Ryan Johansen is hit by Mats Zuccarello and loses puck.
15:42 of 2nd period - Penalty to Radko Gudas is over, Radko Gudas is back on ice.
15:50 of 2nd period - Slapshot by Mathew Dumba.
15:50 of 2nd period - Stopped by Mike Smith with a rebound.
15:52 of 2nd period - Wrist shot by Ross Colton.
15:52 of 2nd period - Shot Misses the Net.
15:54 of 2nd period - Slapshot by Ross Colton.
15:54 of 2nd period - Shot Blocked by Chris Tanev.
15:56 of 2nd period - Slapshot by Mathew Dumba.
15:56 of 2nd period - Shot Blocked by T.J. Brodie.
15:58 of 2nd period - Slapshot by Brandon Tanev.
15:58 of 2nd period - Stopped by Mike Smith without a rebound.
15:59 of 2nd period - Erik Haula wins face-off versus Colton Sissons in Pittsburgh Penguins zone.
16:09 of 2nd period - Icing by Colton Sissons.
16:10 of 2nd period - Colton Sissons wins face-off versus Erik Haula in Pittsburgh Penguins zone.
16:36 of 2nd period - Off-side.
16:37 of 2nd period - David Krejci wins face-off versus Leon Draisaitl in neutral zone.
16:52 of 2nd period - Wrist shot by Mitch Marner.
16:52 of 2nd period - Stopped by Kaapo Kahkonen with a rebound.
17:29 of 2nd period - Wrist shot by Reilly Smith.
17:29 of 2nd period - Shot Blocked by Brayden McNabb.
18:05 of 2nd period - Wrist shot by James van Riemsdyk.
18:05 of 2nd period - Deflect By Ilya Mikheyev.
18:05 of 2nd period - Stopped by Mike Smith without a rebound.
18:06 of 2nd period - Erik Haula wins face-off versus Ryan Johansen in Pittsburgh Penguins zone.
18:30 of 2nd period - Icing by T.J. Brodie.
18:31 of 2nd period - Tyler Seguin wins face-off versus Leon Draisaitl in Pittsburgh Penguins zone.
18:52 of 2nd period - Icing by T.J. Brodie.
18:53 of 2nd period - David Krejci wins face-off versus Leon Draisaitl in Pittsburgh Penguins zone.
19:04 of 2nd period - Snap shot by Pavel Buchnevich.
19:04 of 2nd period - Shot Misses the Net.
19:06 of 2nd period - Snap shot by Leon Draisaitl.
19:06 of 2nd period - Stopped by Kaapo Kahkonen without a rebound.
19:07 of 2nd period - Tyler Seguin wins face-off versus Ryan Johansen in Arizona Coyotes zone.
Goals for this period are 1 for Pittsburgh Penguins vs 2 for Arizona Coyotes.
Shots for this period are 14 for Pittsburgh Penguins vs 10 for Arizona Coyotes.
3rd period
0:01 of 3rd period - Ryan Johansen wins face-off versus Tyler Seguin in neutral zone.
0:13 of 3rd period - Jeff Carter is hit by Mathew Dumba and loses puck.
0:25 of 3rd period - Icing by Mathew Dumba.
0:26 of 3rd period - Leon Draisaitl wins face-off versus Charlie Coyle in Arizona Coyotes zone.
1:16 of 3rd period - Snap shot by Ondrej Palat.
1:16 of 3rd period - Deflect By Charlie Coyle.
1:16 of 3rd period - Stopped by Mike Smith without a rebound.
1:17 of 3rd period - Jean-Gabriel Pageau wins face-off versus David Krejci in Pittsburgh Penguins zone.
1:52 of 3rd period - Slapshot by Dmitry Orlov.
1:52 of 3rd period - Stopped by Mike Smith with a rebound.
2:05 of 3rd period - Off-side.
2:06 of 3rd period - Colton Sissons wins face-off versus Ross Colton in neutral zone.
2:12 of 3rd period - Icing by Radko Gudas.
2:13 of 3rd period - Ross Colton wins face-off versus Colton Sissons in Arizona Coyotes zone.
2:24 of 3rd period - Slapshot by Rocco Grimaldi.
2:24 of 3rd period - Stopped by Mike Smith with a rebound.
2:26 of 3rd period - Slapshot by Brandon Tanev.
2:26 of 3rd period - Stopped by Mike Smith with a rebound.
2:28 of 3rd period - Wrist shot by Ross Colton.
2:28 of 3rd period - Deflect By Brandon Tanev.
2:28 of 3rd period - Stopped by Mike Smith with a rebound.
2:30 of 3rd period - Slapshot by Jani Hakanpaa.
2:30 of 3rd period - Stopped by Mike Smith with a rebound.
2:32 of 3rd period - Snap shot by Brandon Tanev.
2:32 of 3rd period - Shot Misses the Net.
2:40 of 3rd period - Snap shot by Jordan Eberle.
2:40 of 3rd period - Stopped by Kaapo Kahkonen with a rebound.
3:20 of 3rd period - Slapshot by Erik Karlsson.
3:20 of 3rd period - Stopped by Kaapo Kahkonen with a rebound.
3:23 of 3rd period - Icing by Jani Hakanpaa.
3:24 of 3rd period - Rocco Grimaldi wins face-off versus Ryan Johansen in Arizona Coyotes zone.
3:24 of 3rd period - Rocco Grimaldi is hit by Anders Lee.
3:30 of 3rd period - Brandon Tanev is hit by Anton Stralman.
3:58 of 3rd period - Wrist shot by Rocco Grimaldi.
3:58 of 3rd period - Deflect By Ross Colton.
3:58 of 3rd period - Stopped by Mike Smith with a rebound.
4:11 of 3rd period - Off-side.
4:12 of 3rd period - David Krejci wins face-off versus Pavel Buchnevich in neutral zone.
4:25 of 3rd period - Slapshot by Claude Giroux.
4:25 of 3rd period - Shot Misses the Net.
4:27 of 3rd period - Slapshot by Mats Zuccarello.
4:27 of 3rd period - Stopped by Mike Smith without a rebound.
4:28 of 3rd period - Tyler Seguin wins face-off versus Ryan Johansen in Pittsburgh Penguins zone.
4:42 of 3rd period - Minor Penalty to Jeff Carter for Holding.
4:43 of 3rd period - David Krejci wins face-off versus Pavel Buchnevich in Pittsburgh Penguins zone.
4:43 of 3rd period - Wrist shot by Tyler Seguin.
4:43 of 3rd period - Stopped by Mike Smith with a rebound.
4:45 of 3rd period - Wrist shot by Tyler Seguin.
4:45 of 3rd period - Shot Misses the Net.
4:59 of 3rd period - Slapshot by Jared Spurgeon.
4:59 of 3rd period - Stopped by Mike Smith with a rebound.
5:11 of 3rd period - Slapshot by Claude Giroux.
5:11 of 3rd period - Stopped by Mike Smith with a rebound.
5:13 of 3rd period - Wrist shot by Charlie Coyle.
5:13 of 3rd period - Stopped by Mike Smith with a rebound.
5:15 of 3rd period - Wrist shot by Mats Zuccarello.
5:15 of 3rd period - Goal by Mats Zuccarello - Pittsburgh Penguins : 2 - Arizona Coyotes : 4.
5:16 of 3rd period - David Krejci wins face-off versus Ryan Johansen in neutral zone.
5:23 of 3rd period - Wrist shot by Claude Giroux.
5:23 of 3rd period - Deflect By Mats Zuccarello.
5:23 of 3rd period - Stopped by Mike Smith without a rebound.
5:24 of 3rd period - David Krejci wins face-off versus Ryan Johansen in Pittsburgh Penguins zone.
5:31 of 3rd period - Snap shot by Jeff Carter.
5:31 of 3rd period - Stopped by Kaapo Kahkonen without a rebound.
5:32 of 3rd period - David Krejci wins face-off versus Leon Draisaitl in Arizona Coyotes zone.
5:59 of 3rd period - Charlie Coyle is hit by Jean-Gabriel Pageau and loses puck.
6:15 of 3rd period - Icing by Dmitry Orlov.
6:16 of 3rd period - Tyler Seguin wins face-off versus Ryan Johansen in Arizona Coyotes zone.
6:16 of 3rd period - Tyler Seguin is hit by Anders Lee.
6:26 of 3rd period - Snap shot by Tyler Seguin.
6:26 of 3rd period - Stopped by Mike Smith without a rebound.
6:27 of 3rd period - Leon Draisaitl wins face-off versus David Krejci in Pittsburgh Penguins zone.
6:32 of 3rd period - Slapshot by Erik Karlsson.
6:32 of 3rd period - Shot Misses the Net.
7:05 of 3rd period - Wrist shot by Erik Haula.
7:05 of 3rd period - Stopped by Mike Smith with a rebound.
7:39 of 3rd period - Wrist shot by Erik Karlsson.
7:39 of 3rd period - Stopped by Kaapo Kahkonen with a rebound.
7:41 of 3rd period - Backhand shot by Erik Gudbranson.
7:41 of 3rd period - Shot Blocked by Dmitry Orlov.
7:43 of 3rd period - Slapshot by Mattias Ekholm.
7:43 of 3rd period - Deflect By Dmitry Orlov.
7:43 of 3rd period - Stopped by Kaapo Kahkonen with a rebound.
7:45 of 3rd period - Wrist shot by Colton Sissons.
7:45 of 3rd period - Shot Blocked by Brayden McNabb.
7:47 of 3rd period - Slapshot by Erik Karlsson.
7:47 of 3rd period - Stopped by Kaapo Kahkonen with a rebound.
8:57 of 3rd period - David Krejci is hit by Pavel Buchnevich and loses puck.
9:23 of 3rd period - Chris Tanev is hit by Mathew Dumba and loses puck.
9:42 of 3rd period - Icing by Ryan Johansen.
9:43 of 3rd period - Erik Haula wins face-off versus Ryan Johansen in Pittsburgh Penguins zone.
9:44 of 3rd period - Snap shot by James van Riemsdyk.
9:44 of 3rd period - Shot Misses the Net.
10:15 of 3rd period - Off-side.
10:16 of 3rd period - Erik Haula wins face-off versus Leon Draisaitl in neutral zone.
10:24 of 3rd period - Minor Penalty to T.J. Brodie for Holding Stick.
10:25 of 3rd period - James van Riemsdyk wins face-off versus Pavel Buchnevich in Pittsburgh Penguins zone.
12:23 of 3rd period - Pavel Buchnevich is hit by Erik Haula and loses puck.
12:24 of 3rd period - Penalty to T.J. Brodie is over, T.J. Brodie is back on ice.
12:44 of 3rd period - Snap shot by Rocco Grimaldi.
12:44 of 3rd period - Stopped by Mike Smith without a rebound.
12:45 of 3rd period - Jean-Gabriel Pageau wins face-off versus Erik Haula in Pittsburgh Penguins zone.
12:58 of 3rd period - Slapshot by Reilly Smith.
12:58 of 3rd period - Stopped by Kaapo Kahkonen without a rebound.
12:59 of 3rd period - David Krejci wins face-off versus Jean-Gabriel Pageau in Arizona Coyotes zone.
13:40 of 3rd period - Colton Sissons is hit by Jared Spurgeon.
14:02 of 3rd period - Snap shot by Tyler Seguin.
14:02 of 3rd period - Shot Misses the Net.
15:04 of 3rd period - Mattias Ekholm is hit by Charlie Coyle and loses puck.
15:25 of 3rd period - Off-side.
15:26 of 3rd period - Jean-Gabriel Pageau wins face-off versus James van Riemsdyk in neutral zone.
15:33 of 3rd period - Wrist shot by Reilly Smith.
15:33 of 3rd period - Stopped by Kaapo Kahkonen with a rebound.
15:35 of 3rd period - Slapshot by T.J. Brodie.
15:35 of 3rd period - Deflect By Reilly Smith.
15:35 of 3rd period - Shot Misses the Net.
15:35 of 3rd period - Puck is out of play.
15:36 of 3rd period - Erik Haula wins face-off versus Jean-Gabriel Pageau in Arizona Coyotes zone.
16:07 of 3rd period - Wrist shot by Jean-Gabriel Pageau.
16:07 of 3rd period - Shot Misses the Net.
16:09 of 3rd period - Snap shot by Reilly Smith.
16:09 of 3rd period - Stopped by Kaapo Kahkonen without a rebound.
16:10 of 3rd period - David Krejci wins face-off versus Leon Draisaitl in Arizona Coyotes zone.
16:36 of 3rd period - Jared Spurgeon is hit by Colton Sissons and loses puck.
16:41 of 3rd period - Wrist shot by Jordan Eberle.
16:41 of 3rd period - Shot Blocked by Jared Spurgeon.
16:54 of 3rd period - Off-side.
16:55 of 3rd period - Ryan Johansen wins face-off versus Ross Colton in neutral zone.
17:47 of 3rd period - Snap shot by Mitch Marner.
17:47 of 3rd period - Stopped by Kaapo Kahkonen with a rebound.
17:49 of 3rd period - Wrist shot by Ryan Suter.
17:49 of 3rd period - Shot Misses the Net.
17:51 of 3rd period - Slapshot by Ryan Suter.
17:51 of 3rd period - Shot Blocked by Claude Giroux.
17:53 of 3rd period - Backhand shot by Ryan Suter.
17:53 of 3rd period - Stopped by Kaapo Kahkonen with a rebound.
17:55 of 3rd period - Slapshot by Ryan Suter.
17:55 of 3rd period - Stopped by Kaapo Kahkonen with a rebound.
17:57 of 3rd period - Slapshot by Pavel Buchnevich.
17:57 of 3rd period - Stopped by Kaapo Kahkonen without a rebound.
17:58 of 3rd period - Colton Sissons wins face-off versus Ilya Mikheyev in Arizona Coyotes zone.
18:11 of 3rd period - Wrist shot by Colton Sissons.
18:11 of 3rd period - Stopped by Kaapo Kahkonen with a rebound.
18:13 of 3rd period - Minor Penalty to James van Riemsdyk for Goalie Interference.
18:14 of 3rd period - Ryan Johansen wins face-off versus Claude Giroux in Arizona Coyotes zone.
Goals for this period are 0 for Pittsburgh Penguins vs 1 for Arizona Coyotes.
Shots for this period are 14 for Pittsburgh Penguins vs 17 for Arizona Coyotes.
Back to the Top